 Dungeon Crawl Stone Soup version 0.29.0-4-gdea44cf6ec (webtiles) character file.

Game seed: 3937746555287333670

99889 qw the Severer (level 16, 0/101 HPs)
             Began as a Tengu Warper on Aug 28, 2022.
             Was a High Priest of Okawaru.
             Slain by an orc warrior
             ... wielding a +0 glaive
             ... led by an orc warlord
              (5 damage)
             ... while paralysed by an orc sorcerer
             ... on level 1 of the Orcish Mines.
             The game lasted 00:03:19 (25788 turns).

qw the Severer (Tengu Warper)                      Turns: 25788, Time: 00:03:19

Health: 0/101      AC: 29    Str: 19    XL:     16   Next: 26%
Magic:  18/22      EV:  2    Int: 11    God:    Okawaru [*****.]
Gold:   1490       SH:  0    Dex: 16    Spells: 19/19 levels left

rFire   . . .      SeeInvis .   r - +4 broad axe
rCold   + . .      Faith    .   v - +0 kite shield
rNeg    . . .      Spirit   .   j - +4 plate armour of Loupt {rElec Int-3 Dex+2}
rPois   .          Reflect  .   (helmet restricted)
rElec   +          Harm     .   h - +2 cloak
rCorr   .          Rampage  .   (no gloves)
Will    +....                   (boots unavailable)
Stlth   ..........              s - amulet of the acrobat
HPRegen 0.26/turn               m - +4 ring of protection
MPRegen 0.18/turn               d - +4 ring of evasion

@: paralysed, heroic, finesse-ful, flying quickly and evasively, quick
A: beak, talons 3, nimble flight, cold resistance 1, low MP 1
a: Renounce Religion, Heroism, Finesse, Duel


You were on level 1 of the Orcish Mines.
You worshipped Okawaru.
Okawaru was extremely pleased with you.
You visited 4 branches of the dungeon, and saw 22 of its levels.

You collected 1864 gold pieces.
You spent 374 gold pieces at shops.


Innate Abilities, Weirdness & Mutations

You have a beak for a mouth.
You have claws for feet.
Your magical nature lets you fly swiftly and evasively.
Your flesh is cold resistant. (rC+)
Your magical capacity is low. (-10% MP)


   Skills:
 - Level 12.0(17.0) Fighting
 + Level 17.5(22.5) Axes
 - Level 7.5(12.5) Throwing
 - Level 12.0(17.0) Armour
 - Level 9.0(14.0) Dodging
 - Level 10.0(15.0) Shields
 - Level 2.0 Spellcasting
 - Level 2.4 Translocations
 - Level 10.1 Invocations


You had 19 spell levels left.
You didn't know any spells.
Your spell library contained the following spells:

 Spells                   Type           Power      Damage    Failure   Level
 Blink                    Tloc           12%        N/A       97%         2
 Gell's Gravitas          Tloc           6%         N/A       99%         3
 Lesser Beckoning         Tloc           6%         N/A       99%         3
 Teleport Other           Tloc           6%         N/A       99%         3
 Manifold Assault         Tloc           6%         N/A       100%        5

Inventory:

Hand Weapons
 k - a -1 demon whip of venom
 r - a +4 broad axe (weapon)
Missiles
 q - 2 silver boomerangs (quivered)
 w - 6 boomerangs
Armour
 g - the +2 plate armour "Zaoxibe" {rF- Str+7 Dex+4}
   (You acquired it on level 5 of the Dungeon)

   Str:       It affects your strength (+7).
   Dex:       It affects your dexterity (+4).
   rF:        It makes you vulnerable to fire.
 h - a +2 cloak (worn)
 j - the +4 plate armour of Loupt (worn) {rElec Int-3 Dex+2}
   (Okawaru gifted it to you on level 5 of the Lair of Beasts)

   Int:       It affects your intelligence (-3).
   Dex:       It affects your dexterity (+2).
   rElec:     It insulates you from electricity.
 t - the +7 fire dragon scales of the Marlin {rF++ rC- Int+5 Slay-6}
   (You acquired it on level 10 of the Dungeon)

   Int:       It affects your intelligence (+5).
   Slay:      It affects your accuracy & damage with ranged weapons and melee
   (-6).
   rF:        It greatly protects you from fire.
   rC:        It makes you vulnerable to cold.
 v - a +0 kite shield (worn)
Jewellery
 d - a +4 ring of evasion (right hand)
 m - a +4 ring of protection (left hand)
 s - an amulet of the acrobat (around neck)
 u - a ring of protection from fire
Scrolls
 e - 2 scrolls of enchant armour
 n - 4 scrolls of identify
Potions
 b - a potion of cancellation
 f - 3 potions of haste
 i - a potion of mutation
 l - 4 potions of resistance
 o - 4 potions of curing
 p - a potion of might

Dungeon Overview and Level Annotations

Branches:
Dungeon (15/15)            Temple (1/1) D:6            Lair (5/5) D:8
 Shoals (0/4) Lair:3        Snake (0/4) Lair:2        Slime (0/5) Lair:5
    Orc (1/2) D:11         Vaults (0/5) D:13         Depths (0/4) D:15

Altars:
Ashenzari
Cheibriados
Dithmenos
Elyvilon
Fedhas
Gozag
Hepliaklqana
Kikubaaqudgha
Makhleb
Nemelex Xobeh
Okawaru
Qazlal
Ru
Sif Muna
Trog
Uskayaw
Vehumet
Wu Jian
Xom
Yredelemnul
Zin
The Shining One
Jiyva

Shops:
D:7 *   D:11 ?

Portals:
Trove: D:10 (give 11 potions of heal wounds)

Annotations:
D:4 1 runed translucent door, Crazy Yiuf
Orc:1 Erica


Message History

Okawaru accepts your kill.
You hit the orc warrior. You closely miss the orc warrior.
You slash the orc warrior!
You claw the orc warrior, but do no damage.
Your peck misses the orc warrior.
The orc warrior is heavily wounded.
You slash the orc warrior! You slash the orc warrior!
You kill the orc warrior!
Okawaru accepts your kill.
You hit the orc warrior but do no damage.
The smoke demon gestures at you. Something smites you!
The orc warrior hits you from afar with a +0 glaive!
You completely miss the orc warrior. You claw the orc warrior.
The orc warrior is moderately wounded.
You closely miss the orc. You barely miss the orc warlord.
You closely miss the orc warrior.
You claw the orc warrior, but do no damage.
Your peck misses the orc warrior.
The orc warrior is moderately wounded.
You hit the orc. You slash the orc warlord! You block the orc warlord's attack.
The orc warrior misses you.
The orc sorcerer gestures at you while chanting.
You suddenly lose the ability to move!
The orc warrior hits you from afar with a +0 glaive.
The orc warlord hits you with a +2 vorpal great mace!
The orc warrior hits you with a +0 war axe!!
The orc sorcerer casts a spell.
The ogre hits you with a +0 giant club.
The orc warrior hits you from afar with a +0 glaive!!
The orc priest calls upon Beogh to heal the orc.
The orc's wounds heal themselves!
The orc warrior hits you but does no damage. x2
The orc warrior hits you from afar with a +0 glaive.
The orc warlord hits you but does no damage.
The ogre hits you with a +0 giant club.
The orc warrior hits you but does no damage.
The orc warrior hits you from afar with a +0 glaive.
You die...

.... ..........
.....#..........
....#((........ ......
#.....3....... ..#......#
#.#ooo......# .........##
#oo..{3..... ........#.##
#ooOo..#...
....##.....#####@oo....##
.#...#....###.###)......#
...........#.......###.##
....#.....#.#.....##
.............#....##
...##..#.##.###....##
..##...###### ###...#
..###.## ##..## ...####
## #...#


You could see an orc warlord, 2 smoke demons, 2 orc sorcerers, 3 orc warriors,
an ogre, an orc priest (strong) and 3 orcs.

Vanquished Creatures
  Jorgrun (Orc:1)
  A juggernaut zombie (D:15)
  Fannar (Lair:1)
  3 boulder beetles (D:15)
  A rakshasa (D:14)
  4 vault guards (D:13)
  Harold (Lair:1)
  7 hydras
  An ogre mage (D:13)
  A death knight (D:15)
  2 centaur warriors
  5 two-headed ogres
  27 death yaks
  An orc high priest (Orc:1)
  Amaemon (Lair:1)
  A titan skeleton (D:15)
  3 skeletal warriors (D:15)
  A flayed ghost (D:15)
  A harpy (shapeshifter) (D:12)
  A necromancer (D:15)
  4 cyclopes
  11 ugly things
  A manticore (D:12)
  3 deep elf pyromancers
  10 elephants
  A black mamba (shapeshifter) (D:14)
  A torpor snail (Lair:1)
  4 black mambas
  Maurice (D:11)
  A fire giant skeleton (D:15)
  14 cane toads
  An orange demon (Lair:1)
  A komodo dragon (shapeshifter) (D:14)
  2 gargoyles
  Maggie (Lair:1)
  9 komodo dragons
  2 unseen horrors
  A yaktaur (shapeshifter) (D:15)
  2 freezing wraiths (D:15)
  2 kobold demonologists
  5 rime drakes
  5 polar bears
  9 trolls
  6 hornets
  An ettin zombie (D:15)
  10 slime creatures
  8 blink frogs
  8 dream sheep (Lair:5)
  13 spriggans (Lair:5)
  A wraith (D:15)
  4 wyverns
  7 humans (D:13)
  4 basilisks
  55 yaks
  9 vampire mosquitoes
  2 chaos spawn (D:9)
  A steam dragon (D:9)
  2 wargs (Orc:1)
  2 nagas (Lair:2)
  An acid dragon (D:13)
  11 water moccasins
  17 orc warriors
  An ice beast (D:6)
  5 black bears
  A sky beast (D:7)
  13 ogres
  4 boggarts (Lair:5)
  4 centaurs (D:11)
  56 wolves
  A phantom (D:7)
  12 kobold brigands
  17 bullfrogs
  A necrophage (D:6)
  A scorpion (D:5)
  A wight (D:5)
  17 killer bees
  An electric eel (Lair:2)
  A howler monkey (D:10)
  A lava snake (D:9)
  A hound (D:5)
  A jelly (D:6)
  7 orc priests
  2 gnoll boudas
  3 iguanas
  17 orc wizards
  7 hell rats (Lair:5)
  Robin (D:2)
  8 gnolls
  6 adders
  A shadow imp (D:5)
  2 white imps (D:6)
  An ufetubus (D:5)
  2 worms
  2 dart slugs
  59 orcs
  9 ball pythons
  9 endoplasms
  5 giant cockroaches
  24 goblins
  8 hobgoblins
  13 jackals
  24 kobolds
  4 quokkas
  9 bats
  2 frilled lizards
  16 rats
697 creatures vanquished.

Vanquished Creatures (others)
  A human (D:13)
  32 fungi
  59 plants
  8 withered plants (D:15)
100 creatures vanquished.

Grand Total: 797 creatures vanquished

Notes
Turn   | Place    | Note
-------+----------+-------------------------------------------
     0 | D:1      | qw the Tengu Warper began the quest for the Orb.
     0 | D:1      | Reached XP level 1. HP: 12/12 MP: 4/4
     0 | D:1      | 0 ||| qw: Version: 0.1-a-89-g26bdef1
     0 | D:1      | 0 ||| qw: Game counter: 1462
     0 | D:1      | 0 ||| qw: Always use a shield: true
     0 | D:1      | 0 ||| qw: God list: Okawaru
     0 | D:1      | 0 ||| qw: Allow faded altars: false
     0 | D:1      | 0 ||| qw: Do Orc after D:15 true
     0 | D:1      | 0 ||| qw: Do second Lair branch before Depths: true
     0 | D:1      | 0 ||| qw: Lair rune preference: random
     0 | D:1      | 0 ||| qw: Plans: Normal
     0 | D:1      | 0 ||| PLANNING D:1-11
   267 | D:1      | Reached XP level 2. HP: 17/17 MP: 6/6
   385 | D:1      | Reached skill level 3 in Axes
   684 | D:1      | 684 ||| Stepping ~*~*~tactically~*~*~ (hiding).
   896 | D:1      | 896 ||| UPGRADING to +1 cloak.
   901 | D:1      | 901 ||| READING scroll labelled AGGUTEOSEDD.
   902 | D:1      | 902 ||| READING scroll labelled YBRAMU GOEMIM.
   903 | D:1      | 903 ||| READING scroll labelled RANYEF LARIKH.
   904 | D:1      | 904 ||| READING scroll labelled SIAJUXKIAR.
   905 | D:1      | 905 ||| DRINKING 2 fuming inky potions.
   906 | D:1      | 906 ||| DROPPING scroll of blinking.
   907 | D:1      | 907 ||| DROPPING potion of degeneration.
   964 | D:2      | Reached XP level 3. HP: 21/21 MP: 7/7
  1044 | D:2      | Reached skill level 4 in Axes
  1100 | D:2      | Identified the +6 short sword "Efymamut" {vorpal, rN+}
  1145 | D:2      | 1145 ||| Stepping ~*~*~tactically~*~*~ (stealth).
  1146 | D:2      | 1146 ||| Stepping ~*~*~tactically~*~*~ (stealth).
  1147 | D:2      | 1147 ||| Stepping ~*~*~tactically~*~*~ (stealth).
  1172 | D:2      | Reached XP level 4. HP: 12/26 MP: 8/8
  1238 | D:2      | Noticed Robin
  1239 | D:2      | 1239 ||| FLEEEEING.
  1240 | D:2      | 1240 ||| FLEEEEING.
  1241 | D:2      | 1241 ||| FLEEEEING.
  1242 | D:2      | 1242 ||| FLEEEEING.
  1250 | D:2      | 1250 ||| FLEEEEING.
  1262 | D:2      | 1262 ||| FLEEEEING.
  1263 | D:2      | 1263 ||| FLEEEEING.
  1264 | D:2      | 1264 ||| FLEEEEING.
  1266 | D:2      | 1266 ||| FLEEEEING.
  1267 | D:2      | 1267 ||| FLEEEEING.
  1268 | D:2      | 1268 ||| FLEEEEING.
  1269 | D:2      | 1269 ||| STAIRDANCE
  1374 | D:1      | 1374 ||| UPGRADING to +0 ring mail.
  1384 | D:1      | 1384 ||| DROPPING +0 leather armour.
  1385 | D:1      | 1385 ||| READING scroll labelled WOFUOVV HAORO.
  1395 | D:2      | Killed Robin
  1397 | D:2      | 1397 ||| Stepping ~*~*~tactically~*~*~ (hiding).
  1398 | D:2      | 1398 ||| Stepping ~*~*~tactically~*~*~ (hiding).
  1416 | D:2      | 1416 ||| Stepping ~*~*~tactically~*~*~ (hiding).
  1461 | D:2      | 1461 ||| Stepping ~*~*~tactically~*~*~ (stealth).
  1578 | D:2      | 1578 ||| DROPPING +0 club.
  1613 | D:2      | Reached skill level 5 in Axes
  1831 | D:2      | 1831 ||| Stepping ~*~*~tactically~*~*~ (stealth).
  2112 | D:2      | 2112 ||| Stepping ~*~*~tactically~*~*~ (hiding).
  2113 | D:2      | 2113 ||| Stepping ~*~*~tactically~*~*~ (hiding).
  2125 | D:2      | Gained mutation: Your magical nature lets you fly swiftly
                  | and evasively. [Tengu growth]
  2125 | D:2      | Reached XP level 5. HP: 15/30 MP: 9/9
  2407 | D:2      | 2407 ||| UPGRADING to +4 ring of protection.
  2408 | D:2      | 2408 ||| READING scroll labelled RIDUNT VAIKOXUE.
  2409 | D:2      | 2409 ||| DRINKING 2 bubbling white potions.
  2409 | D:2      | Gained mutation: You occasionally shout uncontrollably at
                  | your foes. [potion of mutation]
  2409 | D:2      | Gained mutation: You are frail. (-10% HP) [potion of
                  | mutation]
  2409 | D:2      | Gained mutation: Your flesh is cold resistant. (rC+)
                  | [potion of mutation]
  2410 | D:2      | 2410 ||| DRINKING potion of mutation.
  2410 | D:2      | Lost mutation: Your flesh is cold resistant. (rC+) [potion
                  | of mutation]
  2410 | D:2      | Lost mutation: You occasionally shout uncontrollably at
                  | your foes. [potion of mutation]
  2410 | D:2      | Lost mutation: You are frail. (-10% HP) [potion of
                  | mutation]
  2410 | D:2      | Gained mutation: Your magical capacity is low. (-10% MP)
                  | [potion of mutation]
  2410 | D:2      | Gained mutation: Your flesh is cold resistant. (rC+)
                  | [potion of mutation]
  2498 | D:3      | Reached skill level 6 in Axes
  2680 | D:3      | 2680 ||| Stepping ~*~*~tactically~*~*~ (stealth).
  2692 | D:3      | 2692 ||| READING scroll of enchant armour.
  2692 | D:3      | 2692 ||| ENCHANTING +1 cloak.
  2755 | D:3      | Found a stormy altar of Qazlal.
  2768 | D:3      | 2768 ||| Stepping ~*~*~tactically~*~*~ (stealth).
  3249 | D:3      | 3249 ||| DRINKING 2 orange potions.
  3250 | D:3      | 3250 ||| READING 4 scrolls of identify.
  3250 | D:3      | 3250 ||| IDENTIFYING metallic ruby potion
  3251 | D:3      | 3251 ||| READING 3 scrolls of identify.
  3251 | D:3      | 3251 ||| IDENTIFYING bubbling inky potion
  3252 | D:3      | 3252 ||| READING 2 scrolls of identify.
  3252 | D:3      | 3252 ||| IDENTIFYING inky potion
  3253 | D:3      | 3253 ||| DROPPING potion of flight.
  3254 | D:3      | 3254 ||| DROPPING potion of attraction.
  3269 | D:4      | 3269 ||| PLANNING SEWER
  3295 | D:4      | Noticed an ogre
  3304 | D:4      | HP: 7/30 [ogre/+0 giant club (6)]
  3305 | D:4      | 3305 ||| DRINKING potion of heal wounds.
  3306 | D:4      | Killed an ogre
  3307 | D:4      | Reached skill level 7 in Axes
  3307 | D:4      | Reached XP level 6. HP: 26/35 MP: 9/9
  3315 | D:4      | 3315 ||| FLEEEEING.
  3448 | D:4      | 3448 ||| DROPPING +0 whip.
  3450 | D:4      | 3450 ||| Stepping ~*~*~tactically~*~*~ (stealth).
  3451 | D:4      | 3451 ||| Stepping ~*~*~tactically~*~*~ (stealth).
  3452 | D:4      | 3452 ||| Stepping ~*~*~tactically~*~*~ (stealth).
  3453 | D:4      | 3453 ||| Stepping ~*~*~tactically~*~*~ (stealth).
  3473 | D:4      | 3473 ||| SWAPPING to +0 war axe.
  3474 | D:4      | 3474 ||| DROPPING +1 hand axe.
  3530 | D:4      | Found an ancient bone altar of Kikubaaqudgha.
  3965 | D:4      | Found a runed translucent door.
  3966 | D:4      | Noticed Crazy Yiuf
  4028 | D:4      | Found a glowing drain.
  4029 | D:4      | 4029 ||| UPGRADING to +0 scale mail.
  4039 | D:4      | 4039 ||| DROPPING +0 ring mail.
  4040 | D:4      | 4040 ||| READING 3 scrolls labelled USE GAANGAUGE.
  4041 | D:4      | 4041 ||| READING scroll labelled OSEUR ICYORINA.
  4042 | D:4      | 4042 ||| READING 2 scrolls of identify.
  4042 | D:4      | 4042 ||| IDENTIFYING silvery potion
  4043 | D:4      | 4043 ||| DROPPING 2 scrolls of immolation.
  4044 | D:4      | 4044 ||| DROPPING potion of invisibility.
  4096 | D:4      | 4096 ||| Stepping randomly (stuck).
  4097 | D:4      | 4097 ||| RIP SEWER
  4097 | D:4      | 4097 ||| PLANNING D:1-11
  4149 | D:5      | Entered Level 5 of the Dungeon
  4155 | D:5      | Reached skill level 3 in Fighting
  4157 | D:5      | 4157 ||| Stepping ~*~*~tactically~*~*~ (stealth).
  4165 | D:5      | Noticed a water moccasin
  4180 | D:5      | Killed a water moccasin
  4181 | D:5      | Reached XP level 7. HP: 38/41 MP: 10/10
  4220 | D:5      | Found an ornate altar of the Wu Jian Council.
  4221 | D:5      | Found a sparkling altar of Nemelex Xobeh.
  4263 | D:5      | 4263 ||| READING scroll of enchant weapon.
  4263 | D:5      | 4263 ||| ENCHANTING +0 war axe of freezing.
  4336 | D:5      | Found a broken altar of Ashenzari.
  4343 | D:5      | Reached skill level 8 in Axes
  4421 | D:5      | Found a snail-covered altar of Cheibriados.
  4441 | D:5      | Identified the +4 great mace "Onifir" {elec, Fly Will+++
                  | Str+2 Int-3}
  4499 | D:5      | 4499 ||| Stepping ~*~*~tactically~*~*~ (hiding).
  4874 | D:5      | Found a white marble altar of Elyvilon.
  4983 | D:5      | 4983 ||| READING 2 scrolls labelled REHALU GENUCSA.
  4983 | D:5      | Identified 2 scrolls of acquirement
  4983 | D:5      | 4983 ||| ACQUIRING +5 buckler of Impatience {Str-2 Int-3
                  | SInv Stlth+}
  4983 | D:5      | Acquired the +5 buckler of Impatience {Str-2 Int-3 SInv
                  | Stlth+}
  4985 | D:5      | 4985 ||| UPGRADING to +5 buckler of Impatience {Str-2 Int-3
                  | SInv Stlth+}.
  4990 | D:5      | 4990 ||| READING scroll of acquirement.
  4990 | D:5      | 4990 ||| ACQUIRING +2 plate armour "Zaoxibe" {rF- Str+7
                  | Dex+4}
  4990 | D:5      | Acquired the +2 plate armour "Zaoxibe" {rF- Str+7 Dex+4}
  4992 | D:5      | 4992 ||| UPGRADING to +2 plate armour "Zaoxibe" {rF- Str+7
                  | Dex+4}.
  5002 | D:5      | 5002 ||| DROPPING +0 scale mail.
  5003 | D:5      | 5003 ||| READING 2 scrolls of identify.
  5003 | D:5      | 5003 ||| IDENTIFYING bubbling cyan potion
  5004 | D:5      | 5004 ||| DROPPING potion of brilliance.
  5053 | D:6      | Reached skill level 1 in Shields
  5076 | D:6      | 5076 ||| Stepping ~*~*~tactically~*~*~ (hiding).
  5077 | D:6      | 5077 ||| Stepping ~*~*~tactically~*~*~ (hiding).
  5152 | D:6      | Noticed an unseen horror
  5166 | D:6      | Killed an unseen horror
  5167 | D:6      | Reached XP level 8. HP: 36/46 MP: 10/10
  5320 | D:6      | Found a staircase to the Ecumenical Temple.
  5321 | D:6      | 5321 ||| PLANNING TEMPLE
  5321 | D:6      | 5321 ||| DRINKING 2 fuming silvery potions.
  5322 | D:6      | 5322 ||| READING 2 scrolls of identify.
  5322 | D:6      | 5322 ||| IDENTIFYING sedimented emerald potion
  5323 | D:6      | 5323 ||| DROPPING potion of ambrosia.
  5336 | D:6      | 5336 ||| Stepping ~*~*~tactically~*~*~ (stealth).
  5352 | D:6      | 5352 ||| Stepping ~*~*~tactically~*~*~ (stealth).
  5454 | Temple   | Entered the Ecumenical Temple
  5549 | Temple   | 5549 ||| PLANNING D:1-11
  5664 | D:6      | Reached skill level 9 in Axes
  5741 | D:6      | 5741 ||| Stepping ~*~*~tactically~*~*~ (stealth).
  5852 | D:6      | Found a blossoming altar of Fedhas.
  6006 | D:6      | Reached skill level 3 in Dodging
  6064 | D:6      | 6064 ||| READING scroll labelled XURPHI TESU.
  6199 | D:7      | Found a glowing golden altar of the Shining One.
  6202 | D:7      | Found a hazy altar of Hepliaklqana.
  6204 | D:7      | Found an opulent altar of Gozag.
  6436 | D:7      | 6436 ||| Stepping ~*~*~tactically~*~*~ (stealth).
  6437 | D:7      | 6437 ||| Stepping ~*~*~tactically~*~*~ (stealth).
  6439 | D:7      | 6439 ||| Stepping ~*~*~tactically~*~*~ (stealth).
  6443 | D:7      | 6443 ||| Stepping ~*~*~tactically~*~*~ (stealth).
  6444 | D:7      | 6444 ||| Stepping ~*~*~tactically~*~*~ (stealth).
  6445 | D:7      | 6445 ||| Stepping ~*~*~tactically~*~*~ (stealth).
  6450 | D:7      | Reached XP level 9. HP: 52/52 MP: 11/11
  6450 | D:7      | 6450 ||| Stepping ~*~*~tactically~*~*~ (stealth).
  6539 | D:7      | Reached skill level 10 in Axes
  6558 | D:7      | 6558 ||| FLEEEEING.
  6649 | D:7      | 6649 ||| Stepping ~*~*~tactically~*~*~ (stealth).
  6651 | D:7      | 6651 ||| Stepping ~*~*~tactically~*~*~ (hiding).
  6656 | D:7      | 6656 ||| DRINKING potion of curing.
  6656 | D:7      | 6656 ||| (to cure confusion)
  6667 | D:7      | Reached skill level 3 in Shields
  6669 | D:7      | 6669 ||| FLEEEEING.
  6842 | D:7      | 6842 ||| Stepping ~*~*~tactically~*~*~ (stealth).
  7057 | D:7      | Found an iron altar of Okawaru.
  7065 | D:7      | Became a worshipper of Warmaster Okawaru
  7186 | D:7      | Found Ytuin's Assorted Antiques.
  7190 | D:7      | 7190 ||| BUYING 2 viscous emerald potions (37 gold).
  7190 | D:7      | Bought 2 viscous emerald potions for 37 gold pieces
  7190 | D:7      | 7190 ||| BUYING potion of haste (210 gold).
  7190 | D:7      | Bought a potion of haste for 210 gold pieces
  7190 | D:7      | 7190 ||| SHOPLISTING potion of mutation (168 gold, have
                  | 143).
  7190 | D:7      | 7190 ||| BUYING scroll labelled YHEIFE FORI (21 gold).
  7190 | D:7      | Bought a scroll labelled YHEIFE FORI for 21 gold pieces
  7190 | D:7      | 7190 ||| BUYING scroll of identify (42 gold).
  7190 | D:7      | Bought a scroll of identify for 42 gold pieces
  7190 | D:7      | 7190 ||| BUYING scroll of identify (42 gold).
  7190 | D:7      | Bought a scroll of identify for 42 gold pieces
  7218 | D:7      | 7218 ||| READING scroll labelled LADIRCH URRUS.
  7219 | D:7      | 7219 ||| READING scroll labelled YHEIFE FORI.
  7222 | D:7      | 7222 ||| DRINKING 3 viscous emerald potions.
  7223 | D:7      | 7223 ||| READING 3 scrolls of identify.
  7223 | D:7      | 7223 ||| IDENTIFYING pink potion
  7224 | D:7      | 7224 ||| READING 2 scrolls of identify.
  7224 | D:7      | 7224 ||| IDENTIFYING green potion
  7225 | D:7      | 7225 ||| DROPPING potion of berserk rage.
  7299 | D:8      | 7299 ||| Stepping ~*~*~tactically~*~*~ (stealth).
  7305 | D:8      | Reached skill level 11 in Axes
  7450 | D:8      | Found a shimmering altar of Xom.
  7574 | D:8      | Found a staircase to the Lair.
  7593 | D:8      | Reached * piety under Okawaru
  7608 | D:8      | Found a bloodstained altar of Trog.
  7627 | D:8      | 7627 ||| Stepping ~*~*~tactically~*~*~ (hiding).
  7636 | D:8      | 7636 ||| Stepping ~*~*~tactically~*~*~ (hiding).
  7775 | D:8      | 7775 ||| Stepping ~*~*~tactically~*~*~ (hiding).
  7785 | D:8      | 7785 ||| INVOKING Heroism.
  7791 | D:8      | Reached skill level 1 in Invocations
  7959 | D:8      | 7959 ||| PLANNING LAIR
  7959 | D:8      | 7959 ||| READING scroll labelled LUMOECIUNN.
  7968 | Lair:1   | Entered Level 1 of the Lair of Beasts
  7969 | Lair:1   | 7969 ||| INVOKING Heroism.
  7970 | Lair:1   | 7970 ||| INVOKING Heroism.
  7976 | Lair:1   | Reached XP level 10. HP: 59/59 MP: 9/12
  7984 | Lair:1   | Reached skill level 3 in Invocations
  8036 | Lair:1   | 8036 ||| INVOKING Heroism.
  8038 | Lair:1   | Reached skill level 12 in Axes
  8048 | Lair:1   | Reached ** piety under Okawaru
  8214 | Lair:1   | Noticed Maggie
  8225 | Lair:1   | Killed Maggie
  8226 | Lair:1   | Reached skill level 6 in Fighting
  8241 | Lair:1   | Noticed a torpor snail
  8242 | Lair:1   | 8242 ||| INVOKING Heroism.
  8253 | Lair:1   | Killed a torpor snail
  8284 | Lair:1   | Reached skill level 6 in Armour
  8307 | Lair:1   | Noticed a cane toad
  8308 | Lair:1   | 8308 ||| INVOKING Heroism.
  8319 | Lair:1   | Killed a cane toad
  8387 | Lair:1   | Noticed a death yak
  8388 | Lair:1   | 8388 ||| INVOKING Heroism.
  8397 | Lair:1   | Killed a death yak
  8397 | Lair:1   | Reached *** piety under Okawaru
  8404 | Lair:1   | Noticed a cane toad
  8411 | Lair:1   | Killed a cane toad
  8411 | Lair:1   | Received a gift from Okawaru
  8412 | Lair:1   | Reached skill level 13 in Axes
  8415 | Lair:1   | Noticed a death yak
  8415 | Lair:1   | Noticed a death yak
  8416 | Lair:1   | 8416 ||| INVOKING Heroism.
  8422 | Lair:1   | Killed a death yak
  8423 | Lair:1   | Reached skill level 3 in Throwing
  8423 | Lair:1   | Reached XP level 11. HP: 56/64 MP: 10/13
  8430 | Lair:1   | Killed a death yak
  8430 | Lair:1   | Reached **** piety under Okawaru
  8440 | Lair:1   | 8440 ||| Stepping ~*~*~tactically~*~*~ (stealth).
  8443 | Lair:1   | Received a gift from Okawaru
  8448 | Lair:1   | 8448 ||| INVOKING Heroism.
  8622 | Lair:1   | Noticed Harold
  8623 | Lair:1   | 8623 ||| INVOKING Heroism.
  8640 | Lair:1   | 8640 ||| INVOKING Heroism.
  8641 | Lair:1   | Killed Harold
  8641 | Lair:1   | Received a gift from Okawaru
  8891 | Lair:1   | 8891 ||| INVOKING Heroism.
  8924 | Lair:1   | 8924 ||| INVOKING Heroism.
  8924 | Lair:1   | Noticed Fannar
  8931 | Lair:1   | Reached ***** piety under Okawaru
  8939 | Lair:1   | Reached skill level 6 in Invocations
  8939 | Lair:1   | Received a gift from Okawaru
  8941 | Lair:1   | HP: 11/64 [Fannar/bolt of cold (7)]
  8942 | Lair:1   | 8942 ||| DRINKING 2 potions of heal wounds.
  8958 | Lair:1   | HP: 12/64 [Fannar/+0 quarterstaff of freezing (8)]
  8959 | Lair:1   | 8959 ||| DRINKING potion of heal wounds.
  8960 | Lair:1   | 8960 ||| INVOKING Heroism.
  8965 | Lair:1   | Killed Fannar
  9103 | Lair:1   | 9103 ||| DROPPING +1 war axe of freezing.
  9184 | Lair:1   | 9184 ||| INVOKING Heroism.
  9192 | Lair:1   | Reached skill level 14 in Axes
  9303 | Lair:1   | 9303 ||| INVOKING Heroism.
  9492 | Lair:1   | 9492 ||| UPGRADING to ring of ice.
  9493 | Lair:1   | 9493 ||| DROPPING +6 ring of intelligence.
  9532 | Lair:2   | Noticed Amaemon
  9533 | Lair:2   | 9533 ||| STAIRDANCE
  9544 | Lair:2   | 9544 ||| STAIRDANCE
  9600 | Lair:2   | 9600 ||| STAIRDANCE
  9610 | Lair:2   | 9610 ||| INVOKING Heroism.
  9617 | Lair:2   | 9617 ||| STAIRDANCE
  9617 | Lair:2   | HP: 15/66 [basilisk (10)]
  9618 | Lair:1   | HP: 7/66 [poisoned by Amaemon]
  9619 | Lair:1   | 9619 ||| DRINKING potion of heal wounds.
  9623 | Lair:1   | Reached XP level 12. HP: 26/71 MP: 14/16
  9630 | Lair:1   | HP: 17/71 [Amaemon/-1 demon whip of venom (2)]
  9631 | Lair:1   | Killed Amaemon
  9635 | Lair:1   | HP: 14/72 [poisoned by Amaemon]
  9906 | Lair:1   | 9906 ||| DROPPING +0 flail.
  9992 | Lair:2   | 9992 ||| Stepping ~*~*~tactically~*~*~ (stealth).
  9994 | Lair:2   | 9994 ||| Stepping ~*~*~tactically~*~*~ (stealth).
  9996 | Lair:2   | 9996 ||| Stepping ~*~*~tactically~*~*~ (stealth).
  9998 | Lair:2   | 9998 ||| Stepping ~*~*~tactically~*~*~ (stealth).
 10000 | Lair:2   | 10000 ||| INVOKING Heroism.
 10119 | Lair:2   | 10119 ||| Stepping ~*~*~tactically~*~*~ (stealth).
 10122 | Lair:2   | 10122 ||| Stepping ~*~*~tactically~*~*~ (stealth).
 10125 | Lair:2   | 10125 ||| INVOKING Heroism.
 10156 | Lair:2   | Noticed a five-headed hydra
 10157 | Lair:2   | 10157 ||| FLEEEEING.
 10303 | Lair:2   | 10303 ||| INVOKING Heroism.
 10304 | Lair:2   | 10304 ||| INVOKING Finesse.
 10306 | Lair:2   | 10306 ||| SWAPPING to -1 demon whip of venom.
 10308 | Lair:2   | 10308 ||| SWAPPING to +1 war axe of freezing.
 10331 | Lair:2   | 10331 ||| Stepping ~*~*~tactically~*~*~ (stealth).
 10337 | Lair:2   | 10337 ||| INVOKING Heroism.
 10338 | Lair:2   | 10338 ||| SWAPPING to -1 demon whip of venom.
 10346 | Lair:2   | Killed a five-headed hydra
 10347 | Lair:2   | 10347 ||| SWAPPING to +1 war axe of freezing.
 10475 | Lair:2   | Identified the +9 short sword of Day {spect, *Corrode rF+
                  | rC+ Dex+3}
 10486 | Lair:2   | 10486 ||| Stepping ~*~*~tactically~*~*~ (stealth).
 10487 | Lair:2   | 10487 ||| Stepping ~*~*~tactically~*~*~ (stealth).
 10489 | Lair:2   | 10489 ||| Stepping ~*~*~tactically~*~*~ (hiding).
 10492 | Lair:2   | 10492 ||| INVOKING Heroism.
 10594 | Lair:2   | 10594 ||| Stepping ~*~*~tactically~*~*~ (stealth).
 10599 | Lair:2   | 10599 ||| Stepping ~*~*~tactically~*~*~ (stealth).
 10600 | Lair:2   | 10600 ||| INVOKING Heroism.
 10811 | Lair:2   | Noticed a six-headed hydra
 10812 | Lair:2   | 10812 ||| INVOKING Heroism.
 10813 | Lair:2   | 10813 ||| INVOKING Finesse.
 10814 | Lair:2   | 10814 ||| SWAPPING to -1 demon whip of venom.
 10822 | Lair:2   | Killed a six-headed hydra
 10823 | Lair:2   | 10823 ||| SWAPPING to +1 war axe of freezing.
 10830 | Lair:2   | Received a gift from Okawaru
 10831 | Lair:2   | Reached skill level 9 in Invocations
 10852 | Lair:2   | 10852 ||| INVOKING Heroism.
 10854 | Lair:2   | Reached skill level 15 in Axes
 11107 | Lair:2   | Found a staircase to the Snake Pit.
 11108 | Lair:2   | 11108 ||| Stepping ~*~*~tactically~*~*~ (hiding).
 11121 | Lair:2   | 11121 ||| Stepping ~*~*~tactically~*~*~ (hiding).
 11490 | Lair:2   | 11490 ||| UPGRADING to +4 ring of evasion.
 11492 | Lair:2   | 11492 ||| DROPPING ring of ice.
 11493 | Lair:2   | 11493 ||| READING scroll labelled VOUMUMALOI.
 11650 | Lair:2   | 11650 ||| READING scroll labelled OFUMUNI ZAUL.
 11723 | Lair:3   | 11723 ||| Stepping ~*~*~tactically~*~*~ (hiding).
 11725 | Lair:3   | 11725 ||| INVOKING Heroism.
 11874 | Lair:3   | Noticed a death yak
 11874 | Lair:3   | Noticed a death yak
 11875 | Lair:3   | 11875 ||| INVOKING Heroism.
 11875 | Lair:3   | Noticed a death yak
 11876 | Lair:3   | 11876 ||| INVOKING Finesse.
 11876 | Lair:3   | Noticed a death yak
 11877 | Lair:3   | Noticed a death yak
 11879 | Lair:3   | Noticed a death yak
 11883 | Lair:3   | Killed a death yak
 11884 | Lair:3   | Reached skill level 6 in Dodging
 11893 | Lair:3   | Killed a death yak
 11893 | Lair:3   | Received a gift from Okawaru
 11906 | Lair:3   | Killed a death yak
 11906 | Lair:3   | HP: 14/72 [death yak (10)]
 11907 | Lair:3   | Killed a death yak
 11908 | Lair:3   | Reached XP level 13. HP: 15/77 MP: 13/19
 12235 | Lair:3   | Identified the +10 mace of Compulsion {drain, Str+3}
 12244 | Lair:3   | 12244 ||| INVOKING Heroism.
 12245 | Lair:3   | 12245 ||| INVOKING Finesse.
 12247 | Lair:3   | 12247 ||| SWAPPING to -1 demon whip of venom.
 12252 | Lair:3   | 12252 ||| SWAPPING to +1 war axe of freezing.
 12323 | Lair:3   | 12323 ||| Stepping ~*~*~tactically~*~*~ (stealth).
 12325 | Lair:3   | 12325 ||| Stepping ~*~*~tactically~*~*~ (stealth).
 12327 | Lair:3   | 12327 ||| INVOKING Heroism.
 12444 | Lair:3   | 12444 ||| INVOKING Heroism.
 12484 | Lair:3   | Found a staircase to the Shoals.
 12489 | Lair:3   | 12489 ||| Stepping ~*~*~tactically~*~*~ (stealth).
 12491 | Lair:3   | 12491 ||| INVOKING Heroism.
 12492 | Lair:3   | 12492 ||| INVOKING Finesse.
 12495 | Lair:3   | 12495 ||| Stepping ~*~*~tactically~*~*~ (stealth).
 12539 | Lair:3   | 12539 ||| Stepping ~*~*~tactically~*~*~ (stealth).
 12540 | Lair:3   | 12540 ||| INVOKING Finesse.
 12556 | Lair:3   | Received a gift from Okawaru
 12562 | Lair:3   | HP: 16/78 [death yak (4)]
 12566 | Lair:3   | Received a gift from Okawaru
 13098 | Lair:3   | 13098 ||| INVOKING Heroism.
 13301 | Lair:3   | 13301 ||| READING scroll labelled UJAXEFI AXAUMNE.
 13332 | Lair:4   | Reached skill level 16 in Axes
 13371 | Lair:4   | 13371 ||| INVOKING Heroism.
 13372 | Lair:4   | 13372 ||| INVOKING Finesse.
 13373 | Lair:4   | 13373 ||| SWAPPING to -1 demon whip of venom.
 13381 | Lair:4   | 13381 ||| SWAPPING to +1 war axe of freezing.
 13472 | Lair:4   | 13472 ||| Stepping ~*~*~tactically~*~*~ (stealth).
 13473 | Lair:4   | 13473 ||| INVOKING Heroism.
 13474 | Lair:4   | 13474 ||| INVOKING Finesse.
 13502 | Lair:4   | Reached skill level 9 in Fighting
 13550 | Lair:4   | 13550 ||| FLEEEEING.
 13551 | Lair:4   | 13551 ||| FLEEEEING.
 13552 | Lair:4   | 13552 ||| FLEEEEING.
 13553 | Lair:4   | 13553 ||| FLEEEEING.
 13554 | Lair:4   | 13554 ||| FLEEEEING.
 13555 | Lair:4   | 13555 ||| INVOKING Heroism.
 13556 | Lair:4   | 13556 ||| INVOKING Finesse.
 13567 | Lair:4   | Identified the +6 battleaxe of Valiance {vorpal, Dex+4
                  | SInv} (Okawaru gifted it to you on level 4 of the Lair of
                  | Beasts)
 13567 | Lair:4   | Received a gift from Okawaru
 13629 | Lair:4   | 13629 ||| INVOKING Heroism.
 13824 | Lair:4   | 13824 ||| INVOKING Heroism.
 13952 | Lair:4   | Reached skill level 9 in Armour
 13990 | Lair:4   | 13990 ||| INVOKING Heroism.
 14448 | Lair:4   | 14448 ||| INVOKING Heroism.
 14637 | Lair:5   | Entered Level 5 of the Lair of Beasts
 14638 | Lair:5   | 14638 ||| INVOKING Heroism.
 14666 | Lair:5   | 14666 ||| INVOKING Heroism.
 14670 | Lair:5   | 14670 ||| INVOKING Finesse.
 14673 | Lair:5   | Reached XP level 14. HP: 86/86 MP: 12/20
 14677 | Lair:5   | Reached skill level 6 in Shields
 14685 | Lair:5   | 14685 ||| Stepping ~*~*~tactically~*~*~ (stealth).
 14695 | Lair:5   | 14695 ||| Stepping ~*~*~tactically~*~*~ (stealth).
 14733 | Lair:5   | 14733 ||| Stepping ~*~*~tactically~*~*~ (stealth).
 14735 | Lair:5   | 14735 ||| Stepping ~*~*~tactically~*~*~ (stealth).
 14737 | Lair:5   | 14737 ||| INVOKING Finesse.
 14740 | Lair:5   | 14740 ||| Stepping ~*~*~tactically~*~*~ (stealth).
 14741 | Lair:5   | 14741 ||| INVOKING Heroism.
 14760 | Lair:5   | 14760 ||| Stepping ~*~*~tactically~*~*~ (stealth).
 14761 | Lair:5   | 14761 ||| Stepping ~*~*~tactically~*~*~ (stealth).
 14806 | Lair:5   | 14806 ||| INVOKING Finesse.
 14810 | Lair:5   | 14810 ||| INVOKING Heroism.
 14811 | Lair:5   | 14811 ||| SWAPPING to -1 demon whip of venom.
 14820 | Lair:5   | 14820 ||| SWAPPING to +1 war axe of freezing.
 14856 | Lair:5   | 14856 ||| Stepping ~*~*~tactically~*~*~ (stealth).
 14858 | Lair:5   | 14858 ||| Stepping ~*~*~tactically~*~*~ (stealth).
 14913 | Lair:5   | 14913 ||| INVOKING Heroism.
 14915 | Lair:5   | 14915 ||| Stepping ~*~*~tactically~*~*~ (hiding).
 15029 | Lair:5   | 15029 ||| INVOKING Heroism.
 15043 | Lair:5   | HP: 18/88 [spriggan rider/+0 spear (7)]
 15044 | Lair:5   | 15044 ||| READING scroll of teleportation.
 15048 | Lair:5   | 15048 ||| INVOKING Finesse.
 15053 | Lair:5   | 15053 ||| SWAPPING to -1 demon whip of venom.
 15061 | Lair:5   | 15061 ||| SWAPPING to +1 war axe of freezing.
 15124 | Lair:5   | 15124 ||| INVOKING Heroism.
 15355 | Lair:5   | 15355 ||| INVOKING Heroism.
 15356 | Lair:5   | 15356 ||| INVOKING Finesse.
 15435 | Lair:5   | 15435 ||| Stepping ~*~*~tactically~*~*~ (stealth).
 15436 | Lair:5   | 15436 ||| READING scroll of enchant weapon.
 15436 | Lair:5   | 15436 ||| ENCHANTING +1 war axe of freezing.
 15438 | Lair:5   | 15438 ||| Stepping ~*~*~tactically~*~*~ (stealth).
 15440 | Lair:5   | 15440 ||| Stepping ~*~*~tactically~*~*~ (stealth).
 15441 | Lair:5   | 15441 ||| Stepping ~*~*~tactically~*~*~ (stealth).
 15445 | Lair:5   | 15445 ||| INVOKING Heroism.
 15446 | Lair:5   | 15446 ||| INVOKING Finesse.
 15454 | Lair:5   | Reached skill level 9 in Dodging
 15467 | Lair:5   | Received a gift from Okawaru
 15589 | Lair:5   | Found a staircase to the Slime Pits.
 15590 | Lair:5   | Found a viscous altar of Jiyva.
 15595 | Lair:5   | 15595 ||| READING scroll of enchant weapon.
 15595 | Lair:5   | 15595 ||| ENCHANTING +2 war axe of freezing.
 15712 | Lair:5   | 15712 ||| INVOKING Heroism.
 15792 | Lair:5   | 15792 ||| INVOKING Heroism.
 15935 | Lair:5   | Identified the +4 plate armour of Loupt {rElec Int-3 Dex+2}
                  | (Okawaru gifted it to you on level 5 of the Lair of Beasts)
 15935 | Lair:5   | Received a gift from Okawaru
 15960 | Lair:5   | 15960 ||| INVOKING Heroism.
 15961 | Lair:5   | 15961 ||| INVOKING Finesse.
 16073 | Lair:5   | 16073 ||| Stepping ~*~*~tactically~*~*~ (stealth).
 16088 | Lair:5   | 16088 ||| INVOKING Heroism.
 16120 | Lair:5   | 16120 ||| INVOKING Heroism.
 16162 | Lair:5   | 16162 ||| INVOKING Heroism.
 16207 | Lair:5   | 16207 ||| INVOKING Heroism.
 16301 | Lair:5   | 16301 ||| INVOKING Heroism.
 16302 | Lair:5   | 16302 ||| INVOKING Finesse.
 16429 | Lair:5   | 16429 ||| INVOKING Heroism.
 16431 | Lair:5   | 16431 ||| INVOKING Finesse.
 16484 | Lair:5   | Found the +6 lightning scales {swift, rElec}
 16769 | Lair:5   | 16769 ||| PLANNING D:1-11
 16769 | Lair:5   | 16769 ||| DROPPING +0 plate armour.
 16770 | Lair:5   | 16770 ||| UPGRADING to +4 plate armour of Loupt {rElec
                  | Int-3 Dex+2}.
 16780 | Lair:5   | 16780 ||| READING 3 scrolls of identify.
 16780 | Lair:5   | 16780 ||| IDENTIFYING fizzy green potion
 16781 | Lair:5   | 16781 ||| DROPPING potion of lignification.
 16912 | D:9      | 16912 ||| INVOKING Heroism.
 16983 | D:9      | 16983 ||| Stepping ~*~*~tactically~*~*~ (stealth).
 16985 | D:9      | 16985 ||| Stepping ~*~*~tactically~*~*~ (stealth).
 16992 | D:9      | 16992 ||| INVOKING Heroism.
 17198 | D:9      | 17198 ||| INVOKING Heroism.
 17199 | D:9      | 17199 ||| Stepping ~*~*~tactically~*~*~ (stealth).
 17201 | D:9      | 17201 ||| Stepping ~*~*~tactically~*~*~ (stealth).
 17224 | D:9      | Reached skill level 6 in Throwing
 17373 | D:9      | 17373 ||| Stepping ~*~*~tactically~*~*~ (hiding).
 17376 | D:9      | 17376 ||| Stepping ~*~*~tactically~*~*~ (hiding).
 17378 | D:9      | 17378 ||| Stepping ~*~*~tactically~*~*~ (hiding).
 17430 | D:9      | 17430 ||| Stepping ~*~*~tactically~*~*~ (cloud).
 17563 | D:9      | 17563 ||| Stepping ~*~*~tactically~*~*~ (stealth).
 17573 | D:9      | 17573 ||| UPGRADING to amulet of the acrobat.
 17578 | D:9      | 17578 ||| READING 2 scrolls of identify.
 17578 | D:9      | 17578 ||| IDENTIFYING fuming orange potion
 17608 | D:10     | Entered Level 10 of the Dungeon
 17609 | D:10     | 17609 ||| STAIRDANCE
 17659 | D:10     | 17659 ||| STAIRDANCE
 17731 | D:10     | 17731 ||| STAIRDANCE
 17747 | D:10     | 17747 ||| STAIRDANCE
 17754 | D:10     | 17754 ||| STAIRDANCE
 17758 | D:9      | 17758 ||| INVOKING Heroism.
 17886 | D:10     | 17886 ||| STAIRDANCE
 17899 | D:10     | 17899 ||| INVOKING Heroism.
 18091 | D:10     | Found a shimmering altar of Xom.
 18093 | D:10     | Found the +7 mace of Variability {chain chaos}
 18123 | D:10     | 18123 ||| READING scroll of acquirement.
 18123 | D:10     | 18123 ||| ACQUIRING +7 fire dragon scales of the Marlin
                  | {rF++ rC- Int+5 Slay-6}
 18123 | D:10     | Acquired the +7 fire dragon scales of the Marlin {rF++ rC-
                  | Int+5 Slay-6}
 18187 | D:10     | 18187 ||| INVOKING Heroism.
 18201 | D:10     | 18201 ||| Stepping ~*~*~tactically~*~*~ (stealth).
 18202 | D:10     | 18202 ||| Stepping ~*~*~tactically~*~*~ (stealth).
 18276 | D:10     | Found a hide-covered altar of Uskayaw.
 18290 | D:10     | 18290 ||| Stepping ~*~*~tactically~*~*~ (hiding).
 18296 | D:10     | 18296 ||| INVOKING Heroism.
 18309 | D:10     | Reached XP level 15. HP: 94/94 MP: 19/21
 18554 | D:10     | Found a portal to a secret trove of treasure.
 18761 | D:11     | 18761 ||| INVOKING Heroism.
 18777 | D:11     | Found a staircase to the Orcish Mines.
 18799 | D:11     | 18799 ||| Stepping ~*~*~tactically~*~*~ (stealth).
 18805 | D:11     | 18805 ||| Stepping ~*~*~tactically~*~*~ (stealth).
 18924 | D:11     | Found Ryimowuq's Magic Scroll Shoppe.
 18930 | D:11     | 18930 ||| BUYING scroll of identify (22 gold).
 18930 | D:11     | Bought a scroll of identify for 22 gold pieces
 19120 | D:11     | Noticed Maurice
 19131 | D:11     | Killed Maurice
 19325 | D:11     | Found a frozen archway.
 19513 | D:11     | 19513 ||| PLANNING D
 19563 | D:12     | 19563 ||| Stepping ~*~*~tactically~*~*~ (stealth).
 19564 | D:12     | 19564 ||| Stepping ~*~*~tactically~*~*~ (stealth).
 19578 | D:12     | 19578 ||| Stepping ~*~*~tactically~*~*~ (stealth).
 19579 | D:12     | 19579 ||| Stepping ~*~*~tactically~*~*~ (stealth).
 19580 | D:12     | 19580 ||| Stepping ~*~*~tactically~*~*~ (stealth).
 19583 | D:12     | 19583 ||| Stepping ~*~*~tactically~*~*~ (stealth).
 19585 | D:12     | 19585 ||| Stepping ~*~*~tactically~*~*~ (stealth).
 19586 | D:12     | 19586 ||| Stepping ~*~*~tactically~*~*~ (stealth).
 19704 | D:12     | 19704 ||| INVOKING Heroism.
 19705 | D:12     | 19705 ||| SWAPPING to -1 demon whip of venom.
 19706 | D:12     | 19706 ||| INVOKING Finesse.
 19713 | D:12     | 19713 ||| SWAPPING to +3 war axe of freezing.
 19848 | D:12     | 19848 ||| Stepping ~*~*~tactically~*~*~ (hiding).
 19972 | D:12     | 19972 ||| INVOKING Heroism.
 20011 | D:12     | 20011 ||| Stepping ~*~*~tactically~*~*~ (stealth).
 20012 | D:12     | 20012 ||| Stepping ~*~*~tactically~*~*~ (stealth).
 20016 | D:12     | 20016 ||| Stepping ~*~*~tactically~*~*~ (hiding).
 20036 | D:12     | 20036 ||| Stepping ~*~*~tactically~*~*~ (stealth).
 20147 | D:12     | 20147 ||| Stepping ~*~*~tactically~*~*~ (hiding).
 20149 | D:12     | 20149 ||| Stepping ~*~*~tactically~*~*~ (hiding).
 20155 | D:12     | Reached skill level 12 in Armour
 20797 | D:12     | 20797 ||| DROPPING amulet of guardian spirit.
 20848 | D:13     | 20848 ||| INVOKING Heroism.
 20945 | D:13     | 20945 ||| INVOKING Heroism.
 21016 | D:13     | 21016 ||| Stepping ~*~*~tactically~*~*~ (stealth).
 21017 | D:13     | 21017 ||| Stepping ~*~*~tactically~*~*~ (stealth).
 21023 | D:13     | 21023 ||| Stepping ~*~*~tactically~*~*~ (stealth).
 21026 | D:13     | 21026 ||| Stepping ~*~*~tactically~*~*~ (stealth).
 21622 | D:13     | 21622 ||| INVOKING Heroism.
 21636 | D:13     | Reached skill level 12 in Fighting
 21846 | D:13     | 21846 ||| SWAPPING to +3 broad axe.
 21847 | D:13     | 21847 ||| DROPPING +3 war axe of freezing.
 21923 | D:13     | Found a gate to the Vaults.
 21950 | D:13     | 21950 ||| UPGRADING to +0 kite shield.
 21960 | D:13     | 21960 ||| DROPPING +5 buckler of Impatience {Str-2 Int-3
                  | SInv Stlth+}.
 22023 | D:14     | 22023 ||| FLEEEEING.
 22026 | D:14     | 22026 ||| Stepping ~*~*~tactically~*~*~ (hiding).
 22034 | D:14     | 22034 ||| INVOKING Heroism.
 22040 | D:14     | Received a gift from Okawaru
 22059 | D:14     | 22059 ||| FLEEEEING.
 22064 | D:14     | 22064 ||| FLEEEEING.
 22065 | D:14     | 22065 ||| FLEEEEING.
 22066 | D:14     | 22066 ||| FLEEEEING.
 22067 | D:14     | 22067 ||| FLEEEEING.
 22073 | D:14     | 22073 ||| FLEEEEING.
 22076 | D:14     | 22076 ||| STAIRDANCE
 22519 | D:14     | 22519 ||| INVOKING Heroism.
 22524 | D:14     | 22524 ||| READING 4 scrolls of teleportation.
 22670 | D:14     | 22670 ||| Stepping ~*~*~tactically~*~*~ (stealth).
 22672 | D:14     | 22672 ||| INVOKING Heroism.
 22682 | D:14     | 22682 ||| Stepping ~*~*~tactically~*~*~ (stealth).
 23017 | D:14     | 23017 ||| READING scroll of enchant weapon.
 23017 | D:14     | 23017 ||| ENCHANTING +3 broad axe.
 23100 | D:15     | Entered Level 15 of the Dungeon
 23138 | D:15     | 23138 ||| INVOKING Heroism.
 23145 | D:15     | Reached skill level 9 in Shields
 23380 | D:15     | 23380 ||| FLEEEEING.
 23381 | D:15     | 23381 ||| FLEEEEING.
 23382 | D:15     | 23382 ||| FLEEEEING.
 23664 | D:15     | 23664 ||| Stepping ~*~*~tactically~*~*~ (stealth).
 23667 | D:15     | 23667 ||| Stepping ~*~*~tactically~*~*~ (stealth).
 23671 | D:15     | Received a gift from Okawaru
 23675 | D:15     | 23675 ||| INVOKING Heroism.
 23867 | D:15     | 23867 ||| Stepping ~*~*~tactically~*~*~ (stealth).
 23870 | D:15     | 23870 ||| Stepping ~*~*~tactically~*~*~ (stealth).
 24047 | D:15     | 24047 ||| FLEEEEING.
 24132 | D:15     | 24132 ||| Stepping ~*~*~tactically~*~*~ (stealth).
 24144 | D:15     | 24144 ||| INVOKING Heroism.
 24165 | D:15     | HP: 21/96 [flayed ghost/flay_damage (5)]
 24166 | D:15     | 24166 ||| READING 4 scrolls of teleportation.
 24167 | D:15     | 24167 ||| DRINKING 2 potions of heal wounds.
 24168 | D:15     | 24168 ||| DRINKING potion of heal wounds.
 24168 | D:15     | Found a staircase to the Depths.
 24171 | D:15     | HP: 20/96 [??? (17)]
 24172 | D:15     | 24172 ||| READING 3 scrolls of teleportation.
 24216 | D:15     | 24216 ||| Stepping ~*~*~tactically~*~*~ (stealth).
 24246 | D:15     | 24246 ||| INVOKING Heroism.
 24254 | D:15     | HP: 22/96 [mirror damage (10)]
 24255 | D:15     | 24255 ||| READING 2 scrolls of teleportation.
 24260 | D:15     | HP: 10/96 [skeletal warrior/+4 flail[a death knight] (7)]
 24264 | D:15     | 24264 ||| FLEEEEING.
 24265 | D:15     | 24265 ||| READING scroll of teleportation.
 24267 | D:15     | HP: 10/96 [flayed ghost (1)]
 24269 | D:15     | 24269 ||| INVOKING Heroism.
 24624 | D:15     | 24624 ||| Stepping ~*~*~tactically~*~*~ (stealth).
 24625 | D:15     | 24625 ||| Stepping ~*~*~tactically~*~*~ (stealth).
 24628 | D:15     | 24628 ||| Stepping ~*~*~tactically~*~*~ (stealth).
 24634 | D:15     | Received a gift from Okawaru
 24635 | D:15     | Reached XP level 16. HP: 101/101 MP: 22/22
 24636 | D:15     | 24636 ||| INVOKING Heroism.
 24788 | D:15     | 24788 ||| Stepping ~*~*~tactically~*~*~ (hiding).
 24789 | D:15     | 24789 ||| Stepping ~*~*~tactically~*~*~ (hiding).
 24798 | D:15     | 24798 ||| INVOKING Heroism.
 24801 | D:15     | 24801 ||| Stepping ~*~*~tactically~*~*~ (hiding).
 24823 | D:15     | Received a gift from Okawaru
 24824 | D:15     | Reached skill level 17 in Axes
 24864 | D:15     | 24864 ||| Stepping ~*~*~tactically~*~*~ (stealth).
 25031 | D:15     | 25031 ||| PLANNING ORC
 25166 | Orc:1    | Entered Level 1 of the Orcish Mines
 25167 | Orc:1    | 25167 ||| INVOKING Heroism.
 25171 | Orc:1    | 25171 ||| DRINKING 5 potions of curing.
 25171 | Orc:1    | 25171 ||| (to cure confusion)
 25292 | Orc:1    | Noticed Jorgrun
 25293 | Orc:1    | 25293 ||| INVOKING Heroism.
 25294 | Orc:1    | 25294 ||| Stepping ~*~*~tactically~*~*~ (hiding).
 25295 | Orc:1    | 25295 ||| Stepping ~*~*~tactically~*~*~ (hiding).
 25297 | Orc:1    | 25297 ||| INVOKING Finesse.
 25315 | Orc:1    | Killed Jorgrun
 25405 | Orc:1    | 25405 ||| Stepping ~*~*~tactically~*~*~ (stealth).
 25408 | Orc:1    | 25408 ||| Stepping ~*~*~tactically~*~*~ (stealth).
 25409 | Orc:1    | 25409 ||| Stepping ~*~*~tactically~*~*~ (stealth).
 25411 | Orc:1    | 25411 ||| Stepping ~*~*~tactically~*~*~ (stealth).
 25456 | Orc:1    | 25456 ||| INVOKING Heroism.
 25483 | Orc:1    | 25483 ||| INVOKING Heroism.
 25666 | Orc:1    | 25666 ||| INVOKING Heroism.
 25760 | Orc:1    | 25760 ||| INVOKING Heroism.
 25768 | Orc:1    | Noticed Erica
 25769 | Orc:1    | 25769 ||| INVOKING Finesse.
 25785 | Orc:1    | Paralysed by an orc sorcerer for 5 turns
 25786 | Orc:1    | HP: 12/101 [orc warrior/+0 glaive[an orc warlord] (20)]
 25788 | Orc:1    | HP: 5/101 [ogre/+0 giant club (4)]
 25788 | Orc:1    | Slain by an orc warrior

Levels and vault maps discovered:
D:1:      nzn_arrival_depleted_hourglass, layout_loops_ring, minivault_24,
          minmay_rat_gold_closets
D:2:      layout_loops_ring, dreamdust_wishing_well, minmay_divided_ellipse,
          uniq_robin
D:3:      layout_loops_ring, nicolae_qazlal_general_emergency,
          serial_bayou_ford_a
D:4:      layout_rooms, nicolae_kikubaaqudgha_miasma_corner,
          gup_sewer_entry_bowl, chequers_big_river, chequers_garden,
          uniq_crazy_yiuf_cottage
D:5:      layout_basic, cheibrodos_ashenzari_chains,
          mainiacjoe_overflow_catch_the_wave,
          chequers_temple_overflow_statue_of_worship, st_stairs_11
D:6:      layout_gridville, mainiacjoe_overflow_brackets,
          minmay_temple_entry_mist
D:7:      layout_cave_pods, minitemple, lemuel_round_altar, serial_shops,
          nicolae_diamond_shop
D:8:      layout_rooms, mainiacjoe_overflow_concentric_impassable,
          mainiacjoe_overflow_alcove_2, dpeg_oklobed_lair
D:9:      layout_roguey, kennysheep_generic_room_2
D:10:     layout_loops_ring, overflow_temple_1_default, enter_trove_0,
          minmay_guarded_unrand_variability
D:11:     layout_roguey, david_orc_2, portal_ice_cave_entry_pillars_2,
          serial_shops, nicolae_shop_trees, uniq_maurice
D:12:     layout_basic
D:13:     layout_loops_ring, ximxim_vaults_locker_room
D:14:     layout_loops_ring
D:15:     gammafunk_depths_entry_grave, layout_loops_cross, nrook_mini_vaults
Temple:   nicolae_temple_superstar
Lair:1:   layout_long_grid, grunt_forest_large_clearings, uniq_fannar,
          uniq_maggie, uniq_harold
Lair:2:   layout_layer_cave, guppyfry_snake_entry_garden, serial_bayou_pond_c,
          lemuel_fruit_tree, infiniplex_staircase_pool, uniq_amaemon
Lair:3:   layout_regular_city, elwin_shoals_entry_rocks, grunt_megastairs_5,
          serial_bayou_shore_b, lemuel_fruit_fields
Lair:4:   layout_cave_pods, dreamdust_mushroom_princess
Lair:5:   minmay_lair_end_enchanted_forest, layout_hall_layers,
          dpeg_slime_entry_corner, grunt_megastairs_1
Orc:1:    layout_caves, kennysheep_orc_chapel, uniq_erica, uniq_jorgrun

Skill      XL: |  1  2  3  4  5  6  7  8  9 10 11 12 13 14 15 16 |
---------------+-------------------------------------------------+-----
Axes           | 3 4 5 7 8 9 11 13 14 15 16 17 | 17.5
Fighting       | 3 4 5 6 7 9 11 12 | 12.0
Armour         | 5 6 7 9 10 12 | 12.0
Shields        | 1 2 3 4 5 7 9 10 | 10.0
Dodging        | 3 4 5 6 7 9 |  9.0
Invocations    | 2 4 7 9 10 | 10.1
Throwing       | 3 4 5 6 7 |  7.5
Spellcasting   | |  2.0
Translocations | |  2.4

Action                   |  1- 3 |  4- 6 |  7- 9 | 10-12 | 13-15 | 16-18 || total
-------------------------+-------+-------+-------+-------+-------+-------++-------
Melee: Hand axe          |    85 |   146 |       |       |       |       ||   231
       Peck              |     5 |    25 |    25 |    88 |   331 |    45 ||   519
       Kick              |    20 |    45 |    47 |   136 |   518 |    79 ||   845
       Punch             |     1 |     2 |     1 |       |       |       ||     4
       War axe           |       |    40 |   190 |   342 |   960 |       ||  1532
       Demon whip        |       |       |       |    14 |    27 |       ||    41
       Broad axe         |       |       |       |       |   242 |   179 ||   421
Throw: Boomerang         |    19 |    46 |    16 |    20 |    48 |    21 ||   170
       Javelin           |       |       |       |    23 |    51 |     8 ||    82
Invok: Heroism           |       |       |     2 |    24 |    51 |     8 ||    85
       Finesse           |       |       |       |     3 |    16 |     2 ||    21
  Use: Scroll            |     4 |     9 |    11 |     2 |    13 |       ||    39
       Potion            |     1 |     4 |     3 |     3 |     2 |     1 ||    14
 Stab: Sleeping          |     1 |       |       |       |       |       ||     1
Armor: Leather armour    |    25 |       |       |       |       |       ||    25
       Ring mail         |       |    50 |       |       |       |       ||    50
       Scale mail        |       |    15 |    19 |       |       |       ||    34
       Plate armour      |       |       |    45 |   214 |   250 |    30 ||   539
Dodge: Dodged            |    38 |    97 |    67 |   151 |   413 |    58 ||   824
Block: Buckler           |       |       |    53 |   174 |   373 |       ||   600
       Kite shield       |       |       |       |       |    81 |    70 ||   151

Table legend:
 A = Non-vault XP
 B = Vault XP
 C = Vault XP percentage of total XP
 D = Non-vault monster count
 E = Vault monster count
 F = Vault count percentage of total count
                 A         B        C        D         E       F
            +---------+---------+-------+---------+---------+-------
      Total |  111124 |   31575 |  22.1 |     534 |     163 |  23.4
            +---------+---------+-------+---------+---------+-------
        D:1 |      24 |       9 |  27.3 |      13 |       9 |  40.9
        D:2 |      53 |     130 |  71.0 |      24 |      26 |  52.0
        D:3 |      60 |       0 |   0.0 |      26 |       0 |   0.0
        D:4 |     183 |       7 |   3.7 |      25 |       4 |  13.8
        D:5 |     399 |     227 |  36.3 |      11 |       3 |  21.4
        D:6 |     938 |       0 |   0.0 |      22 |       0 |   0.0
        D:7 |    1312 |       0 |   0.0 |      24 |       0 |   0.0
        D:8 |     880 |       0 |   0.0 |      13 |       0 |   0.0
        D:9 |    5456 |     356 |   6.1 |      48 |       2 |   4.0
       D:10 |     640 |       0 |   0.0 |      16 |       0 |   0.0
       D:11 |    2751 |     721 |  20.8 |      15 |       8 |  34.8
       D:12 |    8920 |       0 |   0.0 |      25 |       0 |   0.0
       D:13 |    6303 |    4916 |  43.8 |      22 |      11 |  33.3
       D:14 |    7720 |       0 |   0.0 |      17 |       0 |   0.0
       D:15 |   12456 |    5516 |  30.7 |      22 |       8 |  26.7
     Lair:1 |    8300 |    6563 |  44.2 |      30 |      33 |  52.4
     Lair:2 |    9156 |     326 |   3.4 |      31 |       2 |   6.1
     Lair:3 |   14032 |     658 |   4.5 |      29 |       3 |   9.4
     Lair:4 |    9950 |       0 |   0.0 |      24 |       0 |   0.0
     Lair:5 |   17494 |    9437 |  35.0 |      50 |      48 |  49.0
      Orc:1 |    4097 |    2709 |  39.8 |      47 |       6 |  11.3
            +---------+---------+-------+---------+---------+-------
